 Dungeon Crawl Stone Soup version 0.23.2-33-g5129a83184 (webtiles) character file.

Game seed: 8703362906455641178

2107 H0rd4k the Covered (level 9, -2/65 HPs)
             Began as a Human Artificer on July 30, 2019.
             Was an Initiate of Gozag.
             Slain by a killer bee (3 damage)
             ... on level 7 of the Dungeon.
             The game lasted 00:21:38 (9437 turns).

H0rd4k the Covered (Human Artificer)                Turns: 9437, Time: 00:21:38

Health: -2/65      AC: 11    Str: 16      XL:     9   Next: 53%
Magic:  12/12      EV:  8    Int: 11      God:    Gozag
Gold:   901        SH:  0    Dex: 10 (14) Spells: 8/8 levels left

rFire    . . .     SeeInvis .   c - +2 dagger (freeze) (curse)
rCold    . . .     Gourm    .   (no shield)
rNeg     + . .     Faith    .   t - +0 chain mail "Ociutita" {rN+ MR+}
rPois    .         Spirit   .   q - +0 helmet
rElec    .         Reflect  .   (no cloak)
rCorr    .         Harm     .   (no gloves)
MR       +....                  (no boots)
Stlth    ..........             (no amulet)
HPRegen  0.20/turn              (no ring)
MPRegen  0.13/turn              (no ring)

@: about to teleport, gold aura
A: no striking features
a: Potion Petition, Call Merchant, Bribe Branch, Renounce Religion


You were on level 7 of the Dungeon.
You worshipped Gozag.
Gozag was pleased with you.
You were not hungry.

You visited 2 branches of the dungeon, and saw 10 of its levels.
You also visited: Sewer.

You collected 1056 gold pieces.
You paid 155 gold pieces to Gozag.

Inventory:

Hand Weapons
 a - a +0 short sword
 c - a cursed +2 dagger of freezing (weapon)
 m - a +0 blowgun
 w - a +0 hunting sling
 F - a +1 dagger of protection
Missiles
 n - 4 curare-tipped needles
 o - 39 poisoned needles
 x - 24 sling bullets
Armour
 b - a +0 leather armour
 q - a +0 helmet (worn)
 t - the +0 chain mail "Ociutita" (worn) {rN+ MR+}
   (You found it on level 4 of the Dungeon)

   It protects you from negative energy.
   It affects your resistance to hostile enchantments.
Jewellery
 E - an uncursed ring of positive energy {unknown}
Wands
 d - a wand of enslavement (2)
 C - a wand of random effects (22)
Scrolls
 e - 6 scrolls of identify
 g - 2 scrolls of blinking
 y - 4 scrolls of enchant weapon
 B - a scroll of remove curse {unknown}
 D - a scroll of immolation {unknown}
Potions
 h - a potion of might {unknown}
 i - a potion of curing {unknown}
 j - a potion of cancellation {unknown}
 l - 2 potions of invisibility {unknown}
 p - 4 potions of heal wounds {unknown}
 r - 3 potions of degeneration {unknown}
 s - 2 potions of brilliance {unknown}
 u - 2 potions of agility {unknown}
 v - 2 potions of magic
 z - 3 potions of lignification {unknown}
 A - 2 potions of flight {unknown}
Comestibles
 f - 4 rations


   Skills:
 + Level 4.2 Fighting
 + Level 6.5 Short Blades
 + Level 6.9 Armour
 + Level 4.0 Dodging
 + Level 3.7 Stealth
 + Level 4.1 Evocations


You had 8 spell levels left.
You didn't know any spells.
Your spell library was empty.

Dungeon Overview and Level Annotations

Branches:
Dungeon (9/15)             Temple (1/1) D:5            Lair (0/6) D:8
    Orc: D:9-12

Altars:
Ashenzari
Cheibriados
Dithmenos
Elyvilon
Fedhas
Gozag
Hepliaklqana
Kikubaaqudgha
Makhleb
Nemelex Xobeh
Okawaru
Qazlal
Ru
Sif Muna
Trog
Uskayaw
Vehumet
Wu Jian
Xom
Yredelemnul
Zin
The Shining One

Annotations:
D:2 exclusion: downstairs
D:4 exclusions: downstairs and 2 ogres
D:6 exclusions: 2 downstairs and ugly thing
D:8 exclusion: upstairs
D:9 Pikel


Message History

The killer bee closely misses you.
Your surroundings seem slightly different.
The orc shouts!
The orc priest hits you but does no damage.
Okay, then.
Unknown command.
As you read the scroll of teleportation, it crumbles to dust.
You feel strangely unstable.
The killer bee becomes distracted by your gold, dreaming of imaginary riches. x2
The killer bee stings you but does no damage.
The orc priest hits you but does no damage.
The killer bee stings you but does no damage.
The orc priest invokes the aid of Beogh against you.
Beogh smites you!
* * * LOW HITPOINT WARNING * * *
The killer bee buzzes angrily.
You hear an angry squeal.
The killer bee closely misses you. The killer bee stings you.
You die...
Your body crumbles into a pile of gold.

..... ....... ...... ..#..#.
...... #..... ....... .....
....# #..... ....##.##...
......# ##..#.. ........#..
......####.....# ..........##
.........#......
#.y........##.............##.
#....y......##............#..
#####......@#.##.......#....
#...y.yO....#..[...####<
#....o.[.#..#..>...#.... #
#..##..o##.....o...#..#.
...#.....................##
%...'..............o........
#####.......o...............
.....#...#....#...........#
#....##..#.................


You could see an ogre, 3 killer bees, an orc priest, an orc wizard and an orc.

Vanquished Creatures
  An ice beast (D:8)
  Purgy (Sewer)
  2 sky beasts (D:8)
  A phantom (D:8)
  A centaur (D:5)
  2 big kobolds (D:5)
  A bullfrog (D:6)
  3 scorpions
  3 crimson imps
  2 jellies
  A bullfrog zombie (D:5)
  4 hounds
  A quasit (D:8)
  An orc priest (D:8)
  5 orc wizards
  A bullfrog skeleton (D:7)
  5 worker ants
  A hound skeleton (D:8)
  A hound zombie (D:7)
  5 gnolls
  A river rat (D:4)
  11 adders
  A shadow imp (D:8)
  An ooze (D:3)
  An adder zombie (D:5)
  2 worms
  A leopard gecko (D:6)
  16 orcs
  3 giant cockroaches
  10 hobgoblins
  5 jackals
  43 kobolds
  3 quokkas
  3 ball pythons
  7 bats
  12 frilled lizards
  3 goblins
  A jackal skeleton (D:8)
  A leopard gecko skeleton (D:6)
  11 rats
178 creatures vanquished.

Vanquished Creatures (collateral kills)
  A centaur (D:8)
  A scorpion (D:7)
  2 orc wizards
  An iguana (D:8)
  An orc (D:7)
  A giant cockroach (D:4)
  A quokka zombie (D:7)
  A rat (D:4)
9 creatures vanquished.

Vanquished Creatures (others)
  An ogre (D:7)
  A scorpion (D:8)
2 creatures vanquished.

Grand Total: 189 creatures vanquished

Notes
Turn   | Place    | Note
-------+----------+-------------------------------------------
     0 | D:1      | H0rd4k the Human Artificer began the quest for the Orb.
     0 | D:1      | Reached XP level 1. HP: 15/15 MP: 3/3
   205 | D:1      | Reached XP level 2. HP: 14/21 MP: 4/4
   768 | D:1      | Found a shimmering altar of Xom.
   832 | D:2      | Reached XP level 3. HP: 21/26 MP: 5/5
  1115 | D:2      | Reached XP level 4. HP: 31/32 MP: 6/6
  1202 | D:2      | Reached skill level 1 in Armour
  1512 | D:2      | Found an iron altar of Okawaru.
  1646 | D:2      | Reached XP level 5. HP: 37/37 MP: 7/7
  2423 | D:3      | Found a blossoming altar of Fedhas.
  2627 | D:4      | Got a polished chain mail
  2842 | D:4      | Found a glowing drain.
  2886 | Sewer    | Entered a sewer
  3068 | Sewer    | Identified the +0 chain mail "Ociutita" {rN+ MR+} (You
                  | found it on level 4 of the Dungeon)
  3157 | Sewer    | Noticed Purgy
  3163 | Sewer    | Killed Purgy
  3163 | Sewer    | Reached XP level 6. HP: 27/44 MP: 7/9
  3627 | D:5      | Entered Level 5 of the Dungeon
  3721 | D:5      | Found a bloodstained altar of Trog.
  3796 | D:5      | Noticed an ogre
  3819 | D:6      | Found a shadowy altar of Dithmenos.
  3819 | D:6      | Found a sacrificial altar of Ru.
  3819 | D:6      | Noticed an ogre
  4372 | D:5      | Reached XP level 7. HP: 24/51 MP: 10/10
  4619 | D:5      | Found a staircase to the Ecumenical Temple.
  4933 | Temple   | Entered the Ecumenical Temple
  5185 | Temple   | Became a worshipper of Gozag Ym Sagoz the Greedy
  5667 | D:6      | Reached XP level 8. HP: 38/57 MP: 11/11
  6738 | D:6      | Reached skill level 5 in Armour
  6741 | D:6      | Noticed a green ugly thing
  7582 | D:7      | Reached skill level 5 in Short Blades
  8101 | D:9      | Noticed Pikel
  8352 | D:8      | Reached XP level 9. HP: 57/65 MP: 12/12
  8670 | D:8      | Found a staircase to the Lair.
  8827 | D:8      | Found a basalt altar of Yredelemnul.
  8827 | D:8      | Found a sparkling altar of Nemelex Xobeh.
  8845 | D:8      | Found a shimmering altar of Xom.
  8855 | D:8      | Found a sacrificial altar of Ru.
  8857 | D:8      | Found a shattered altar of Ashenzari.
  9436 | D:7      | HP: 1/65 [orc priest/divine providence (12)]
  9437 | D:7      | Slain by a killer bee

Skill      XL: |  1  2  3  4  5  6  7  8  9 |
---------------+----------------------------+-----
Armour         | 1 2 4 6 |  6.9
Short Blades   | 2 3 4 5 6 |  6.5
Dodging        | 3 4 |  4.0
Fighting       | 2 3 4 |  4.2
Stealth        | 2 3 |  3.7
Evocations     | 4 |  4.1

Action                   |  1- 3 |  4- 6 |  7- 9 || total
-------------------------+-------+-------+-------++-------
Melee: Short sword       |    84 |    57 |       ||   141
       Dagger            |       |   250 |   791 ||  1041
Evoke: Wand              |     9 |    23 |    12 ||    44
  Use: Scroll            |       |     8 |     6 ||    14
 Stab: Sleeping          |     5 |     1 |       ||     6
       Distracted        |       |       |     2 ||     2
       Confused          |       |       |     2 ||     2
  Eat: Chunk             |       |     6 |       ||     6
       Ration            |       |     1 |     6 ||     7
Armor: Leather armour    |    34 |    33 |       ||    67
       Chain mail        |       |    93 |   428 ||   521
Dodge: Dodged            |    56 |   167 |   260 ||   483
